 Dungeon Crawl Stone Soup version 0.27.1-1-g398f81649c (webtiles) character file.

Game seed: 3239865683884776969

242 CrawlAlarm the Skirmisher (level 5, 32/43 HPs)
             Began as a Mummy Monk on Sept 22, 2021.
             Quit the game on level 4 of the Dungeon.
             The game lasted 00:10:51 (4339 turns).

CrawlAlarm the Skirmisher (Mummy Monk)              Turns: 4339, Time: 00:10:52

Health: 32/43      AC:  2    Str: 14    XL:     5   Next: 81%
Magic:  7/7        EV: 13    Int: 10    God:
Gold:   155        SH:  0    Dex: 15    Spells: 7/7 levels left

rFire    x . .     SeeInvis .   w - +2 short sword (venom)
rCold    + . .     Faith    .   (no shield)
rNeg     + + +     Spirit   .   b - +0 robe
rPois    ∞         Reflect  .   (no helmet)
rElec    .         Harm     .   (no cloak)
rCorr    .         Rampage  .   (no gloves)
Will     .....                  (no boots)
Stlth    ++........             (no amulet)
HPRegen  0.14/turn              (no ring)
MPRegen  0.10/turn              (no ring)

@: no status effects
A: cold resistance 1, negative energy resistance 3, torment resistance 2, heat
vulnerability 1, no potions
a: no special abilities


You were on level 4 of the Dungeon.
You visited 1 branch of the dungeon, and saw 4 of its levels.

You collected 155 gold pieces.

Inventory:

Hand Weapons
 a - a +0 mace
 e - a +1 flail of protection
 w - a +2 short sword of venom (weapon)
Missiles
 d - 2 throwing nets (quivered)
Armour
 b - a +0 robe (worn)
Wands
 c - a wand of acid (7)
Scrolls
 f - 2 scrolls of teleportation
 g - a scroll of enchant weapon


   Skills:
 * Level 4.6 Fighting
 - Level 2.5 Short Blades
 - Level 2.5 Maces & Flails
 * Level 3.2 Dodging
 - Level 1.5 Stealth
 * Level 1.8 Spellcasting


You had 7 spell levels left.
You didn't know any spells.
Your spell library contained the following spells:

 Spells                   Type           Power      Damage    Failure   Level
 Summon Small Mammal      Summ           0%         N/A       32%         1
 Call Canine Familiar     Summ           0%         N/A       67%         3
 Summon Guardian Golem    Hex/Summ       0%         N/A       67%         3


Dungeon Overview and Level Annotations

Branches:
Dungeon (4/15)
 Temple: D:4-7

Altars:
Vehumet
Xom
The Shining One

Shops:
D:2 :

Annotations:
D:3 exclusion: statue


Innate Abilities, Weirdness & Mutations

You are immune to poison.
Your flesh is cold resistant. (rC+)
You are immune to negative energy. (rN+++)
You are immune to unholy pain and torment.
You are vulnerable to heat. (rF-)
You do not drink.


Message History

The jackal is severely wounded.
You kill the jackal!
The jackal closely misses you. The jackal misses you.
You hit the jackal.
You kill the jackal!
The jackal barely misses you.
You hit the jackal.
You kill the jackal!
No target in view!
No target in view!
No target in view!
You see here a jackal corpse.
Things that are here:
a jackal corpse; a jackal corpse
Found a cyan potion.
Found 9 gold pieces.
You now have 155 gold pieces (gained 9).
You see here a cyan potion.
An adder comes into view.
An adder is nearby!
An adder is nearby!
An adder is nearby!
An adder is nearby!
The adder hisses angrily.
A kobold comes into view. It is wielding a +0 short sword.
A worm comes into view.
Found a stone staircase leading up.
The adder bites you.
The kobold shouts!
You hit the adder.
The adder is poisoned.
The adder is lightly wounded.
The adder barely misses you.
You hit the adder.
The adder looks as sick as possible!
The adder is severely wounded.
The adder bites you. x2; The kobold throws a stone.
The stone hits you but does no damage.
You hit the adder.
You kill the adder!
The kobold throws a stone.
The stone hits you.
Are you sure you want to abandon this character and quit the game? (Confirm with "yes".)

..........#
..........#
.....#
......†...#
..<..#
.......#<.#
##.....#
.....####.##
#......# .....#
#..## #......#
....## ##..####
#......# .####
#......###.....#
##
##.####..@..K...#
# #..#
####w.......#
#######.##
##......##
##...##..#
#.....##
......#!##
#.....# .......##
#.....#
........##
#...#..#
.........##
#...##.#
..........##


You could see a worm and a kobold.

Vanquished Creatures
  An ogre (D:3)
  4 gnolls (D:3)
  4 adders
  2 worms (D:2)
  2 dart slugs
  An orc (D:4)
  3 endoplasms
  3 giant cockroaches (D:2)
  7 goblins
  6 hobgoblins
  8 jackals
  5 kobolds
  3 quokkas
  6 ball pythons
  4 bats
  4 frilled lizards
  7 rats
70 creatures vanquished.

Notes
Turn   | Place    | Note
-------+----------+-------------------------------------------
     0 | D:1      | CrawlAlarm the Mummy Monk began the quest for the Orb.
     0 | D:1      | Reached XP level 1. HP: 18/18 MP: 1/1
   348 | D:1      | Reached XP level 2. HP: 13/24 MP: 2/2
   701 | D:1      | Found a faded altar of an unknown god.
  2089 | D:2      | Reached XP level 3. HP: 27/30 MP: 3/3
  2230 | D:2      | Reached skill level 4 in Fighting
  2362 | D:2      | Reached skill level 1 in Short Blades
  2518 | D:2      | Found a shimmering altar of Xom.
  2578 | D:2      | Reached XP level 4. HP: 32/37 MP: 3/5
  2630 | D:2      | Found Cerchidaxt's Book Shop.
  2862 | D:2      | Reached skill level 1 in Spellcasting
  3369 | D:3      | Found a radiant altar of Vehumet.
  3369 | D:3      | Noticed a charred statue
  3839 | D:3      | Reached XP level 5. HP: 43/43 MP: 6/6
  3944 | D:4      | Noticed an ogre
  3989 | D:3      | Killed an ogre
  4339 | D:4      | Quit the game

Illustrated notes

Levels and vault maps discovered:
D:1:      matt_arrival_refuge, layout_basic,
          shapermc_ecumenical_altar_flowoftime, minmay_3d_cube
D:2:      minmay_diamond_boxcup, layout_basic, serial_shops, shop,
          kennysheep_cluttered_room, kennysheep_flooded_box
D:3:      layout_rooms, nicolae_tso_swordbearing_angel, vehumet_statue
D:4:      layout_cave_pods, mainiacjoe_overflow_alcove_1, uniq_blork_the_orc,
          uniq_eustachio, uniq_robin

Skill      XL: |  1  2  3  4  5 |
---------------+----------------+-----
Fighting       | 4 |  4.6
Short Blades   | 1 2 |  2.5
Spellcasting   | 1 |  1.8
Dodging        | 3 |  3.2
Maces & Flails | |  2.5
Stealth        | |  1.5

Action                   |  1- 3 |  4- 6 || total
-------------------------+-------+-------++-------
Melee: Mace              |    46 |       ||    46
       Short sword       |    81 |    68 ||   149
Throw: Throwing net      |       |     1 ||     1
Evoke: Wand              |       |     1 ||     1
  Use: Scroll            |       |     2 ||     2
 Stab: Sleeping          |     5 |    10 ||    15
Armor: Robe              |    21 |     6 ||    27
Dodge: Dodged            |    78 |    24 ||   102
